 Dungeon Crawl Stone Soup version 0.30-a0-782-ge64f9170bb (webtiles) character file.

Game seed: 2363011716979104297

587006 demibob the Acrobat (level 25, -6/568 HPs)
             Began as a Minotaur Fighter on Feb 18, 2023.
             Was an Initiate of Gozag.
             Mangled by a storm dragon (10 damage)
             ... on level 1 of the Realm of Zot.
             The game lasted 02:02:59 (61162 turns).

demibob the Acrobat (Minotaur Fighter)             Turns: 61162, Time: 02:03:00

Health: -6/568     AC: 42    Str: 25    XL:     25   Next: 55%
Magic:  18/22      EV:  2    Int:  7    God:    Gozag
Gold:   6199       SH:  7    Dex: 18    Spells: 24/24 levels left

rFire   + . .      SeeInvis +    a - +3 great sword (vamp)
rCold   + + .      Faith    .    (shield currently unavailable)
rNeg    . . .      Spirit   .    (body armour currently unavailable)
rPois   +          Reflect  +    (helmet currently unavailable)
rElec   +          Harm     .    (cloak currently unavailable)
rCorr   +          Rampage  .    (gloves currently unavailable)
Will    +....      NoTele   +    (boots currently unavailable) Stlth
                                 P - amulet "Kyacax" {Reflect rPois rC+ rCorr Dex+2 SH+5}
HPRegen 1.14/turn                O - ring of the Tortoise {AC+8}
MPRegen 0.18/turn                K - ring of the Octopus King {HP+2 AC+2 EV+2 SH+2 SInv}

@: mighty, berserking (expiring), tree-form, resistant, gold aura, slowed,
studying Air Magic
A: stationary, stasis, torment immunity, boosted hp, (horns 2), (retaliatory
headbutt), (talons 1), (deformed body), (poison resistance), (cold vulnerability
1), subdued magic 1, inability to read after injury 1, (sturdy frame 1)
}: 4/15 runes: decaying, slimy, silver, gossamer
a: End Transformation, Renounce Religion, Potion Petition, Call Merchant, Bribe
Branch


You were on level 1 of the Realm of Zot.
You worshipped Gozag.
Gozag was greatly pleased with you.
You were a tree.
You visited 12 branches of the dungeon, and saw 52 of its levels.
You also visited: Bailey, Gauntlet, Ice Cave and Wizlab.

You collected 28951 gold pieces.
You spent 4164 gold pieces at shops.
You paid 18588 gold pieces to Gozag.


Innate Abilities, Weirdness & Mutations

You are a tree.
Your roots penetrate the ground, keeping you stationary.
You cannot be teleported.
You are immune to unholy pain and torment.
Your maximum health is greatly increased.
Your equipment is partially melded.
((You have a pair of horns on your head.))
((You reflexively headbutt those who attack you in melee.))
((You have sharp toenails.))
((Armour fits poorly on your strangely shaped body.))
((Your system is resistant to poisons. (rPois)))
((You are vulnerable to cold. (rC-)))
Your spells are a little easier to cast, but a little less powerful.
You occasionally lose the ability to read scrolls when taking damage.
((Your movements are slightly less encumbered by armour. (ER -2)))


   Skills:
 - Level 25.7 Fighting
 - Level 24.8 Long Blades
 - Level 24.9 Armour
 + Level 25.8 Dodging
 - Level 3.6 Shields
 - Level 17.3 Evocations


You had 24 spell levels left.
You didn't know any spells.
Your spell library contained the following spells:

 Spells                   Type           Power      Damage    Failure   Level
 Apportation              Tloc           0%         N/A       38%         1
 Beastly Appendage        Tmut           0%         N/A       38%         1
 Foxfire                  Conj/Fire      0%         2x1d4     38%         1
 Freeze                   Ice            0%         1d3       38%         1
 Kiss of Death            Conj/Necr      0%         2d5       38%         1
 Magic Dart               Conj           0%         1d3       38%         1
 Necrotise                Necr           0%         1d4       38%         1
 Sandblast                Erth           0%         2d4       38%         1
 Shock                    Conj/Air       0%         1d3       38%         1
 Blink                    Tloc           0%         N/A       52%         2
 Call Imp                 Summ           0%         N/A       52%         2
 Cigotuvi's Dreadful Rot  Necr/Pois/Air  0%         N/A       52%         2
 Ensorcelled Hibernation  Hex/Ice        0%         N/A       52%         2
 Lesser Beckoning         Tloc           0%         N/A       52%         2
 Momentum Strike          Conj/Tloc      0%         3d8       52%         2
 Passwall                 Tmut/Erth      0%         N/A       52%         2
 Scorch                   Fire           0%         2d5       52%         2
 Searing Ray              Conj           0%         2d4       52%         2
 Static Discharge         Conj/Air       0%         2-2/arc   52%         2
 Sublimation of Blood     Necr           0%         N/A       52%         2
 Wereblood                Tmut           0%         N/A       52%         2
 Dazzling Flash           Conj/Hex       0%         N/A       77%         3
 Frozen Ramparts          Ice            0%         1d1       77%         3
 Hailstorm                Conj/Ice       0%         3d3       77%         3
 Ignite Poison            Fire/Tmut/Pois 0%         N/A       77%         3
 Kindle Blastsparks       Fire/Tloc/Air  0%         2d10      77%         3
 Mephitic Cloud           Conj/Pois/Air  0%         N/A       77%         3
 Ozocubu's Armour         Ice            0%         N/A       77%         3
 Portal Projectile        Hex/Tloc       0%         N/A       77%         3
 Swiftness                Air            0%         N/A       77%         3
 Tukima's Dance           Hex            0%         N/A       77%         3
 Vampiric Draining        Necr           0%         2d6       77%         3
 Vhi's Electric Charge    Tloc/Air       0%         N/A       77%         3
 Airstrike                Air            0%         2d(0-16)  99%         4
 Animate Armour           Summ/Erth      0%         N/A       99%         4
 Dispel Undead            Necr           0%         3d6       99%         4
 Flame Wave               Conj/Fire      0%         2d4       99%         4
 Fulminant Prism          Conj/Hex       0%         3d5       99%         4
 Iskenderun's Mystic Bla  Conj/Tloc      0%         2d3       99%         4
 Manifold Assault         Tloc           0%         N/A       99%         4
 Passage of Golubria      Tloc           0%         N/A       99%         4
 Petrify                  Tmut/Erth      0%         N/A       99%         4
 Summon Ice Beast         Ice/Summ       0%         N/A       99%         4
 Summon Lightning Spire   Summ/Air       0%         N/A       99%         4
 Agony                    Necr           0%         N/A       100%        5
 Alistair's Intoxication  Tmut/Pois      0%         N/A       100%        5
 Arcjolt                  Conj/Air       0%         1d10      100%        5
 Blade Hands              Tmut           0%         N/A       100%        5
 Borgnjor's Vile Clutch   Necr/Erth      0%         N/A       100%        5
 Fireball                 Conj/Fire      0%         3d3       100%        5
 Freezing Cloud           Conj/Ice/Air   0%         6-21      100%        5
 Irradiate                Conj/Tmut      0%         3d11      100%        5
 Iskenderun's Battlesphe  Conj           0%         2d6       100%        5
 Lee's Rapid Deconstruct  Erth           0%         3d4*      100%        5
 Lightning Bolt           Conj/Air       0%         1d11      100%        5
 Metabolic Englaciation   Hex/Ice        0%         N/A       100%        5
 Silence                  Hex/Air        0%         N/A       100%        5
 Summon Mana Viper        Hex/Summ       0%         N/A       100%        5
 Death Channel            Necr           0%         N/A       100%        6
 Dispersal                Tloc           0%         N/A       100%        6
 Eringya's Noxious Bog    Tmut/Pois      0%         N/A       100%        6
 Iron Shot                Conj/Erth      0%         9d1       100%        6
 Starburst                Conj/Fire      0%         6d3       100%        6
 Statue Form              Tmut/Erth      0%         N/A       100%        6
 Summon Cactus Giant      Summ           0%         N/A       100%        6
 Dragon Form              Tmut           0%         N/A       100%        7
 Haunt                    Necr/Summ      0%         N/A       100%        7
 Monstrous Menagerie      Summ           0%         N/A       100%        7
 Spellforged Servitor     Conj/Summ      0%         N/A       100%        7
 Storm Form               Tmut/Air       0%         N/A       100%        7
 Summon Hydra             Summ           0%         N/A       100%        7
 Borgnjor's Revivificati  Necr           0%         N/A       100%        8
 Disjunction              Tloc           0%         N/A       100%        8
 Infestation              Necr           0%         N/A       100%        8
 Lehudib's Crystal Spear  Conj/Erth      0%         10d2      100%        8
 Maxwell's Capacitive Co  Air            0%         ∞         100%        8
 Necromutation            Tmut/Necr      0%         N/A       100%        8
 Chain Lightning          Conj/Air       0%         N/A       100%        9
 Death's Door             Necr           0%         N/A       100%        9
 Dragon's Call            Summ           0%         N/A       100%        9
 Fire Storm               Conj/Fire      0%         5d1       100%        9
 Polar Vortex             Ice            0%         N/A       100%        9
 Animate Dead             Necr           Unusable   N/A       N/A         4
 Simulacrum               Ice/Necr       Unusable   N/A       N/A         6

Inventory:

Hand Weapons
 a - a +3 vampiric great sword (weapon)
 b - a +2 great sword of holy wrath
Armour
 h - a +2 pair of gloves of strength (melded)
 k - a +2 pair of boots of rampaging (melded)
 o - the +9 plate armour of Elyvilon's Delight (melded) {rC++ Will+ Dex+3}
   (You bought it in a shop on level 13 of the Dungeon)

   Dex:       It affects your dexterity (+3).
   rC:        It greatly protects you from cold.
   Will:      It increases your willpower.
 q - the +1 cloak of Nihilism (melded) {rC+ Str+3}
   (You found it on level 2 of the Swamp)

   Str:       It affects your strength (+3).
   rC:        It protects you from cold.
 s - a +2 cloak of preservation
 v - a +2 hat of willpower (melded)
 B - a +1 plate armour of fire resistance
Jewellery
 C - the ring of Moral Flaws {rElec rCorr Int+6 Dex-3}
   (You took it off a vampire mage on level 2 of the Crypt)

   [ring of intelligence]

   Int:       It affects your intelligence (+6).
   Dex:       It affects your dexterity (-3).
   rElec:     It insulates you from electricity.
   rCorr:     It protects you from acid and corrosion.
 E - a +5 ring of evasion
 F - a ring of protection from fire
 K - a ring of the Octopus King (right branch) {HP+2 AC+2 EV+2 SH+2 SInv}
   (You took it off a spriggan defender on level 3 of the Depths)

   [ring of see invisible]

   AC:        It affects your AC (+2).
   EV:        It affects your evasion (+2).
   HP:        It affects your health (+2).
   SInv:      It lets you see invisible.
   SH:        It affects your SH (+2).
 L - a ring of flight
 O - the ring of the Tortoise (left branch) {AC+8}
   (You took it off a deep elf elementalist on level 3 of the Elven Halls)

   [ring of protection]

   AC:        It affects your AC (+8).
 P - the amulet "Kyacax" (around neck) {Reflect rPois rC+ rCorr Dex+2 SH+5}
   (You found it in an ice cave)

   [amulet of reflection]

   It reflects blocked missile attacks.
   Dex:       It affects your dexterity (+2).
   rC:        It protects you from cold.
   rPois:     It protects you from poison.
   rCorr:     It protects you from acid and corrosion.
   SH:        It affects your SH (+5).
 Y - a +4 ring of slaying
Wands
 d - a wand of flame (63)
 g - a wand of paralysis (41)
 l - a wand of roots (22)
 y - a wand of quicksilver (6)
 N - a wand of polymorph (25)
 S - a wand of digging (21)
 Z - a wand of mindburst (22)
Scrolls
 j - 35 scrolls of identify {@r1}
 p - 4 scrolls of magic mapping
 r - 5 scrolls of enchant armour
 t - a scroll of fog
 u - 10 scrolls of immolation
 D - 3 scrolls of poison
 M - 4 scrolls of blinking
 Q - 19 scrolls of teleportation {@r2}
 R - 3 scrolls of brand weapon
 T - 7 scrolls of enchant weapon
 X - 5 scrolls of fear
Potions
 e - 8 potions of flight
 i - 6 potions of heal wounds {@q2}
 n - a potion of might
 w - 25 potions of curing {@q1}
 x - 8 potions of mutation
 z - 2 potions of resistance
 A - 5 potions of haste {@q3}
 H - 6 potions of cancellation
 I - 2 potions of invisibility
 U - 4 potions of berserk rage {!q}
Miscellaneous
 c - a box of beasts
 f - a phantom mirror
 m - a condenser vane
 G - a lightning rod (4/4)
 J - a piece from Xom's chessboard (15/15)
 W - a phial of floods

Dungeon Overview and Level Annotations

Branches:
Dungeon (15/15)            Temple (1/1) D:7            Lair (5/5) D:10
  Swamp (4/4) Lair:2       Spider (4/4) Lair:3        Slime (5/5) Lair:5
    Orc (2/2) D:10            Elf (3/3) Orc:2        Vaults (5/5) D:13
  Crypt (3/3) Vaults:3       Tomb (0/3) Crypt:3      Depths (4/4) D:15
    Zot (1/5) Depths:4     Bailey (visited)           IceCv (visited)
 WizLab (visited)         Gauntlet (visited)

Altars:
Cheibriados
Dithmenos
Elyvilon
Fedhas
Gozag
Hepliaklqana
Kikubaaqudgha
Makhleb
Nemelex Xobeh
Okawaru
Uskayaw
Vehumet
Wu Jian
Xom
Yredelemnul
Zin
The Shining One
Jiyva

Shops:
D:9 ([   D:10 (*((   D:11 [   D:13 [[*[=   Orc:1 =[=(   Orc:2 *??[(   Elf:2 ?
Vaults:1 =   Vaults:2 *   Vaults:4 [=   Vaults:5 [*   Depths:1 :=:   Depths:4 (

Portals:
Hell: Depths:1 Depths:2 Depths:3 Depths:4
Abyss: Depths:3
Pandemonium: Depths:1 Depths:2 Depths:3
Ziggurat: Depths:1
Trove: D:15 (give +3 storm dragon scales)

Annotations:
D:14 3 runed translucent doors, Uqorphet's ghost, journeyman DECj
D:15 1 runed translucent door
Depths:4 5 runed translucent doors
Zot:1 1 transporter

..#''..............#
###.#.........####.##
(...#..(......# #...#
..#.##.......## #.©.#
..#..##.....#▒▒▒▒▒▒▒▒▒▒▒
..#...##..[##▒....©....▒
#..)...##'##.▒..ff.....▒
##.)......#..▒fff2$....▒
.'.)#).......▒.f♣q$....▒
.##.##...▒▒▒▒▒.fDyf....▒▒
.#......∩▒
▒▒▒#.#d..#.#▒▒▒
##..#....▒
▒▒▒.#z○$$.##▒▒▒
#########▒
▒.▒.........▒.▒ ###
#..#.#...▒
▒.▒#...$$...▒.▒ ##..
.....#...▒
▒...#$.......d▒ #...
.#.....!.▒
▒....#....#..y▒ ▒##...
.##..#.#.▒
▒..#..#.#..#z.▒ ▒.##..


You could see a green draconian monk (berserk), a storm dragon (berserk), a red
draconian, a curse toe, a cacodemon, 4 deathcaps, a moth of wrath and 4
wandering mushrooms.


Message History

The storm dragon claws you but does no damage.
The storm dragon tramples you but does no damage.
The cacodemon hits you but does no damage.
The cacodemon barely misses you.
The deathcap releases spores at you but does no damage.
The wandering mushroom releases spores at you but does no damage. x2
You slash the moth of wrath!
The moth of wrath is lightly wounded.
The storm dragon bites you but does no damage.
The storm dragon claws you!
* * * LOW HITPOINT WARNING * * *
The storm dragon tramples you but does no damage.
The green draconian monk hits you.
* * * LOW HITPOINT WARNING * * *
The green draconian monk completely misses you.
The green draconian monk tail-slaps you but does no damage. x2
The moth of wrath bites you.
* * * LOW HITPOINT WARNING * * *
The deathcap barely misses you. The cacodemon hits you.
* * * LOW HITPOINT WARNING * * *
The cacodemon hits you but does no damage.
The deathcap releases spores at you but does no damage.
The wandering mushroom releases spores at you!
* * * LOW HITPOINT WARNING * * *
The wandering mushroom releases spores at you but does no damage.
The storm dragon bites you!
* * * LOW HITPOINT WARNING * * *
The storm dragon claws you!
You die...
Your body crumbles into a pile of gold.

Skill      XL: |  1  2  3  4  5  6  7  8  9 10 11 12 13 14 15 16 17 18 19 20 21 22 23 24 25 |
---------------+----------------------------------------------------------------------------+-----
Long Blades    | 3 4 5 6 8 9 10 11 13 14 15 17 18 19 21 22 23 24 | 24.8
Fighting       | 4 6 9 10 12 14 16 17 19 20 22 23 24 25 | 25.7
Armour         | 4 6 9 10 12 14 16 17 19 20 21 22 23 24 | 24.9
Evocations     | 1 6 7 11 13 14 16 17 | 17.3
Dodging        | 4 10 13 16 17 18 20 21 23 25 | 25.8
Shields        | |  3.6

Action                     |  1- 3 |  4- 6 |  7- 9 | 10-12 | 13-15 | 16-18 | 19-21 | 22-24 | 25-27 || total
---------------------------+-------+-------+-------+-------+-------+-------+-------+-------+-------++-------
  Melee: Long sword        |    88 |   148 |   213 |   105 |       |       |       |       |       ||   554
         Headbutt          |    12 |    33 |    59 |   121 |   249 |   433 |   508 |   800 |   125 ||  2340
         Punch             |     1 |       |     2 |     3 |       |       |       |     1 |       ||     7
         Great sword       |       |       |       |   391 |   953 |  1458 |  1650 |  2147 |   383 ||  6982
         Scimitar          |       |       |       |    30 |    16 |     4 |       |       |       ||    50
         Unarmed           |       |       |       |     2 |       |       |       |       |       ||     2
         Double sword      |       |       |       |       |       |       |       |    31 |       ||    31
 Invoke: Call Merchant     |       |       |       |     2 |     3 |     1 |     4 |     2 |       ||    12
         Potion Petition   |       |       |       |       |       |     2 |       |       |     1 ||     3
  Evoke: Wand              |       |       |    17 |     6 |    26 |     5 |     2 |     1 |       ||    57
         Phantom mirror    |       |       |       |       |     1 |     2 |       |       |     1 ||     4
         Condenser vane    |       |       |       |       |       |     3 |     6 |     7 |     2 ||    18
         Lightning rod     |       |       |       |       |       |       |       |       |     4 ||     4
    Use: Potion            |     1 |     8 |     5 |     6 |     5 |     8 |     5 |     9 |    10 ||    57
         Scroll            |       |       |     7 |    11 |     7 |     4 |    11 |     7 |     2 ||    49
   Stab: Paralysed         |       |       |    13 |     5 |     1 |     6 |       |       |       ||    25
         Invisible         |       |       |     2 |     2 |    11 |     3 |       |       |       ||    18
         Distracted        |       |       |       |     2 |    10 |    21 |    12 |    19 |     4 ||    68
 Armour: Scale mail        |    31 |    46 |    62 |    95 |       |       |       |       |       ||   234
         Chain mail        |       |       |       |   135 |   385 |       |       |       |       ||   520
         Skin              |       |       |       |     1 |       |       |       |       |    91 ||    92
         Plate armour      |       |       |       |       |    27 |   793 |   708 |   836 |   182 ||  2546
  Dodge: Dodged            |    48 |    55 |    69 |   247 |   374 |   740 |   910 |  1772 |   431 ||  4646
  Block: Other             |       |       |       |    88 |   242 |   564 |   481 |   528 |   132 ||  2035
         Reflection        |       |       |       |       |    14 |    23 |    38 |     8 |     2 ||    85

Levels and vault maps discovered:
D:1:      dpeg_arrival_shrine, layout_rooms
D:2:      layout_loops_ring, basic_altar, minmay_pentomino_x4, uniq_robin,
          uniq_natasha
D:3:      layout_rooms, uniq_sigmund, uniq_jessica
D:4:      minmay_inner_zag, layout_basic, general_overflow_altar, uniq_duvessa
D:5:      layout_basic, minmay_tree_intersection
D:6:      layout_loops_corners, lemuel_crystal_altar, uniq_grinder
D:7:      layout_layer_cave, lemuel_zombie_altar_kikubaaqudgha,
          minmay_temple_entry_butterflies, enter_bailey_8
D:8:      layout_loops_ring, amcnicky_altar_gilded, elyvilon_altar_3,
          gammafunk_temple_overflow_statue, uniq_erica, uniq_gastronok
D:9:      layout_rooms, demons_altar, minmay_misc_feat_plants,
          nicolae_rejected_hall, uniq_psyche, uniq_maggie
D:10:     layout_basic, lair_entry_dummy, david_orc_4
D:11:     layout_loops_ring, serial_shops, nicolae_shop_waterfront
D:12:     layout_layer_cave, gauntlet_entry_generic, uniq_azrael
D:13:     layout_small_grid, david_vaults_2, serial_shops, shop,
          dreamdust_mushroom_princess, uniq_maurice
D:14:     layout_basic, nemelex_altar_shiori, gammafunk_ghost_icy,
          nrook_mini_vaults, uniq_jorgrun
D:15:     grunt_enter_depths_hoard, layout_irregular_city, chequers_avenue,
          enter_trove_2, minmay_hidden_floor, uniq_rupert
Temple:   eino_temple_lava
Lair:1:   layout_chaotic_city, grunt_forest_large_clearings
Lair:2:   dreamdust_isle_of_ice, layout_regular_city, swamp_mist_pool
Lair:3:   beast_lair_carwin_large_1, layout_regular_city,
          spider_nest_entry_webs, grunt_megastairs_3, uniq_sonja
Lair:4:   layout_hall_layers, uniq_josephine
Lair:5:   minmay_lair_end_enchanted_forest, layout_small_grid,
          dpeg_slime_entry_corner, portal_ice_cave_entry_pillars_2
Swamp:1:  layout_falls_marsh, nicolae_swamp_fairy_circle, swamp_pool4
Swamp:2:  gammafunk_worm_tunnel, layout_falls_marsh,
          evilmike_swamp_ruin_house_3, swamp_pool3,
          nicolae_swamp_oklob_treasure_island, uniq_kirke
Swamp:3:  layout_basic_swamp, serial_swamp_ruin, evilmike_swamp_ruin_house_4,
          evilmike_swamp_ruin_house_2, evilmike_swamp_ruin_house_5
Swamp:4:  swamp_old_school, layout_basic_swamp, swamp_pool1,
          nicolae_swamp_orc_logging_accident
Spider:1: layout_spider_delve, hellmonk_test_site,
          hangedman_spider_tarantella_strand
Spider:2: layout_spider_delve, uniq_arachne, uniq_nikola
Spider:3: layout_spider_delve, nicolae_spider_nook
Spider:4: hellmonk_spider_rune_bug_friends, special_room [special_room_bee]
Slime:1:  layout_caves
Slime:2:  layout_caves
Slime:3:  layout_caves
Slime:4:  layout_caves
Slime:5
Orc:1:    layout_caves, serial_shops, nicolae_shop_hallway_plus,
          nicolae_shop_temple_entry_statues_fountains, shop,
          nicolae_shop_hallway_stairs
Orc:2:    st_orc_open, layout_diamond_mine, serial_shops, nicolae_shop_crystal
Elf:1:    eino_elf_arrival_the_gate, layout_onion_city, minivault_28,
          grunt_ministairs_8
Elf:2:    nicolae_elf_blades_splatter_lattice
          [nicolae_blade_entry_crossed_weapons], layout_loops_cross,
          serial_shops, nicolae_stop_n_shop_1, basic_altar
Elf:3:    grunt_elf_hall_asides, layout_loops_ring, chequers_big_river,
          nicolae_elf_stair_hall
Vaults:1: hangedman_vaults_stitches, v_alt_pattern_3,
          nicolae_vaults_branching_niches, nicolae_vaults_angled_halls,
          nicolae_vaults_network_periphery, v_misc_24, hangedman_vaults_impose,
          nicolae_vaults_diagonal_hallway_7, vaults_room_hallway,
          nicolae_vaults_diagonal_hallway_8, hangedman_vaults_trim,
          nicolae_vaults_gold_heap, vaults_room_fours,
          layout_vaults_chaotic_city, uniq_aizul
Vaults:2: vaults_dpeg_doors, st_octagons_1, v_misc_13, v_misc_14,
          vaults_standard_mumra_x, v_misc_11, nicolae_vaults_angled_halls,
          nicolae_vaults_asterisk, vaults_dpeg_ring, layout_vaults_omnigrid,
          serial_shops, nicolae_shop_statue_plus, uniq_xtahua, uniq_bai_suzhen
Vaults:3: v_misc_1, minmay_crypt_entry_necro_gods, v_misc_9,
          vaults_room_semicircle, v_misc_15, vaults_room_fours, v_alt_pattern_6,
          nicolae_vaults_minivaults, ontoclasm_vaults_ligature,
          vaults_dpeg_cross, vaults_room_corners, layout_vaults_maze_snakey
Vaults:4: grunt_vaults_hallway_long, nicolae_vaults_little_squares_2,
          nicolae_vaults_circle_grid_b, hangedman_vaults_stream,
          vaults_room_glass_cross, nicolae_vaults_sealed_display, v_misc_11,
          grunt_vaults_hallway_short, nicolae_vaults_rhombus_7,
          vaults_room_semicircle, nicolae_vaults_mini_display_case,
          layout_vaults_omnicross, serial_shops, nicolae_shop_trees
Vaults:5: uniq_margery
Crypt:1:  layout_gridlike, nicolae_crypt_crumbling_hall, grunt_megastairs_4,
          uniq_zenata, uniq_donald, uniq_boris
Crypt:2:  layout_chaotic_city, uniq_khufu
Crypt:3:  due_elkab, layout_chaotic_city, mu_enter_wizlab_5
Depths:1: layout_cave_pools, enter_ziggurat_d, pan_entry, hell_entry,
          serial_sigils_hangedman_gut, kennysheep_okawaru_gauntlet,
          serial_bayou_shore_a, minmay_shop_grove
Depths:2: minmay_angry_zag, layout_cave_pools, pan_entry, minmay_parallelograms,
          hell_entry, nicolae_figureground_sparkle
Depths:3: kennysheep_large_spiral, layout_cave_pools,
          hangedman_abyss_or_decor_stagger, pan_entry, minmay_room_of_horrors,
          hell_entry
Depths:4: evilmike_zot_entry_castle, layout_basic, nicolae_tso_carved_into_rock,
          serial_shops, nicolae_shop_stone, hell_entry
Zot:1:    gammafunk_dig_for_victory, layout_twisted_circle, zot_minivault_4

Notes
Turn   | Place    | Note
-------+----------+-------------------------------------------
     0 | D:1      | demibob the Minotaur Fighter began the quest for the Orb.
     0 | D:1      | Reached XP level 1. HP: 19/19 MP: 0/0
    71 | D:1      | Reached skill level 3 in Long Blades
   191 | D:1      | Reached XP level 2. HP: 20/26 MP: 1/1
   495 | D:2      | Reached skill level 4 in Long Blades
   495 | D:2      | Reached XP level 3. HP: 29/31 MP: 2/2
   555 | D:2      | Found a blossoming altar of Fedhas.
   555 | D:2      | Noticed Robin
   579 | D:2      | Reached skill level 5 in Long Blades
   586 | D:2      | Killed Robin
   587 | D:2      | Reached XP level 4. HP: 33/39 MP: 3/3
  1037 | D:2      | Noticed Natasha
  1040 | D:2      | Reached skill level 6 in Long Blades
  1045 | D:2      | Killed Natasha
  1056 | D:2      | Noticed Natasha
  1063 | D:2      | Killed Natasha
  1064 | D:2      | Reached XP level 5. HP: 38/45 MP: 4/4
  1130 | D:2      | Noticed Natasha
  1136 | D:2      | Killed Natasha
  1451 | D:3      | Reached skill level 7 in Long Blades
  1676 | D:3      | Noticed Sigmund
  1697 | D:3      | Killed Sigmund
  1698 | D:3      | Reached skill level 8 in Long Blades
  1698 | D:3      | Reached XP level 6. HP: 24/51 MP: 5/5
  1941 | D:3      | Noticed Jessica
  1949 | D:3      | Killed Jessica
  2455 | D:4      | Noticed Duvessa
  2455 | D:4      | Noticed Dowan
  2478 | D:4      | Identified a potion of resistance
  2479 | D:4      | Gained mutation: Your body sometimes deteriorates upon
                  | taking damage. [potion of mutation]
  2479 | D:4      | Gained mutation: Your muscles are strong. (Str +4, Int/Dex
                  | -1) [potion of mutation]
  2479 | D:4      | Gained mutation: You passively map a small area around you.
                  | [potion of mutation]
  2482 | D:4      | Killed Duvessa
  2483 | D:4      | Reached skill level 9 in Long Blades
  2483 | D:4      | Reached XP level 7. HP: 26/57 MP: 6/6
  2493 | D:4      | Killed Dowan
  2932 | D:4      | Found a glowing silver altar of Zin.
  3052 | D:5      | Entered Level 5 of the Dungeon
  3304 | D:5      | Reached skill level 10 in Long Blades
  3439 | D:5      | Lost intelligence.
  3443 | D:5      | HP: 4/57 [iguana (11)]
  3777 | D:5      | Reached skill level 4 in Fighting
  3777 | D:5      | Reached skill level 4 in Armour
  3788 | D:5      | Reached XP level 8. HP: 19/67 MP: 7/7
  4389 | D:6      | Lost mutation: Your muscles are strong. (Str +4, Int/Dex
                  | -1) [potion of mutation]
  4389 | D:6      | Lost mutation: You passively map a small area around you.
                  | [potion of mutation]
  4389 | D:6      | Lost mutation: Your body sometimes deteriorates upon taking
                  | damage. [potion of mutation]
  4389 | D:6      | Gained mutation: You sometimes lose your temper in combat.
                  | [potion of mutation]
  4389 | D:6      | Gained mutation: You are strong-willed. (Will+) [potion of
                  | mutation]
  4675 | D:6      | Noticed Grinder
  4693 | D:6      | Reached skill level 11 in Long Blades
  4698 | D:6      | Reached skill level 5 in Fighting
  4698 | D:6      | Reached skill level 5 in Armour
  4701 | D:6      | Paralysed by Grinder for 3 turns
  4713 | D:6      | Killed Grinder
  5031 | D:6      | Found a blossoming altar of Fedhas.
  5039 | D:6      | Reached skill level 6 in Fighting
  5079 | D:6      | Identified the +1 buckler "Ostryanah" {Will+ Str+2 Stlth+}
  5210 | D:6      | Reached skill level 6 in Armour
  5352 | D:7      | Found a flagged portal.
  5375 | Bailey   | Entered a bailey
  5530 | Bailey   | Reached XP level 9. HP: 78/78 MP: 8/8
  5589 | Bailey   | Reached skill level 7 in Fighting
  5589 | Bailey   | Reached skill level 12 in Long Blades
  5593 | Bailey   | Reached skill level 7 in Armour
  5593 | Bailey   | Noticed Prince Ribbit
  5623 | Bailey   | Killed Prince Ribbit
  5629 | Bailey   | Reached skill level 8 in Fighting
  5629 | Bailey   | Reached skill level 8 in Armour
  5957 | Bailey   | Noticed a vault guard
  5970 | Bailey   | Killed a vault guard
  5987 | Bailey   | Noticed a vault guard
  6006 | Bailey   | Killed a vault guard
  6007 | Bailey   | Reached skill level 9 in Fighting
  6007 | Bailey   | Reached skill level 13 in Long Blades
  6007 | Bailey   | Reached skill level 9 in Armour
  6007 | Bailey   | Reached XP level 10. HP: 23/91 MP: 9/9
  6333 | D:7      | Found a staircase to the Ecumenical Temple.
  6343 | Temple   | Entered the Ecumenical Temple
  6351 | Temple   | Became a worshipper of Gozag Ym Sagoz the Greedy
  6408 | D:7      | Lost mutation: You are strong-willed. (Will+) [potion of
                  | mutation]
  6408 | D:7      | Lost mutation: You sometimes lose your temper in combat.
                  | [potion of mutation]
  6408 | D:7      | Gained mutation: Your system is resistant to poisons.
                  | (rPois) [potion of mutation]
  6408 | D:7      | Gained mutation: You are partially covered in large bone
                  | plates. (SH +4) [potion of mutation]
  7142 | D:7      | Found an ancient bone altar of Kikubaaqudgha.
  7328 | D:8      | Noticed Gastronok
  7348 | D:8      | Killed Gastronok
  7349 | D:8      | Reached skill level 10 in Fighting
  7349 | D:8      | Reached skill level 10 in Armour
  7709 | D:8      | Found a snail-covered altar of Cheibriados.
  7762 | D:8      | Reached skill level 14 in Long Blades
  7769 | D:8      | Found a white marble altar of Elyvilon.
  7890 | D:8      | Identified the +2 leather armour of the Lumpy Brewing Seas
                  | {Drain rElec Int+7 Slay-6}
  7908 | D:8      | Noticed Erica
  7916 | D:8      | Killed Erica
  8330 | D:8      | Found a shadowy altar of Dithmenos.
  8330 | D:8      | Found a shimmering altar of Xom.
  8475 | D:9      | Bought a warped scale mail for 225 gold pieces
  8475 | D:9      | Identified the +1 scale mail of Defiance {Str+3} (You
                  | bought it in a shop on level 9 of the Dungeon)
  8503 | D:9      | Reached XP level 11. HP: 101/101 MP: 10/10
  8544 | D:9      | Found a burning altar of Makhleb.
  8663 | D:9      | Reached skill level 11 in Armour
  8689 | D:9      | Noticed a centaur warrior
  8689 | D:9      | Noticed an eight-headed hydra
  8700 | D:9      | HP: 6/101 [six-headed hydra (6)]
  8786 | D:9      | Killed a two-headed hydra
  8787 | D:9      | Reached skill level 11 in Fighting
  8902 | D:9      | Killed a centaur warrior
  8988 | D:9      | Noticed a shining eye
  9121 | D:9      | Noticed Maggie
  9134 | D:9      | Killed Maggie
  9354 | D:9      | Noticed a centaur warrior
  9359 | D:9      | Killed a centaur warrior
  9360 | D:9      | Reached skill level 15 in Long Blades
  9414 | D:9      | Noticed Psyche
  9436 | D:9      | Reached skill level 12 in Armour
  9728 | D:9      | Killed Psyche
  9729 | D:9      | Reached skill level 12 in Fighting
  9759 | D:9      | Bought a spiked chain mail for 237 gold pieces
  9759 | D:9      | Identified the +8 chain mail "Duiggupp" {Harm rElec SInv}
                  | (You bought it in a shop on level 9 of the Dungeon)
  9966 | D:9      | Noticed an eight-headed hydra
  9966 | D:9      | Noticed a skeletal warrior
  9970 | D:9      | Killed a six-headed hydra
  9993 | D:9      | Killed a skeletal warrior
 10320 | D:10     | Entered Level 10 of the Dungeon
 10783 | D:10     | Reached XP level 12. HP: 109/113 MP: 11/11
 11121 | D:10     | Found a staircase to the Orcish Mines.
 11174 | D:10     | Found a staircase to the Lair.
 11340 | Orc:1    | Entered Level 1 of the Orcish Mines
 11353 | Orc:1    | Reached skill level 13 in Armour
 11361 | Orc:1    | Reached skill level 13 in Fighting
 11577 | Orc:1    | Reached skill level 16 in Long Blades
 11670 | Orc:1    | Found Vicul's Weapon Boutique.
 11678 | Orc:1    | Found Pisuz Teo's Antique Armour Shoppe.
 11796 | Orc:1    | Found Pacsiaf's Jewellery Emporium.
 11914 | Orc:1    | Found Dostrucyr's Jewellery Shop.
 12168 | Lair:1   | Entered Level 1 of the Lair of Beasts
 12264 | Lair:1   | Noticed an eight-headed hydra
 12288 | Lair:1   | Killed a four-headed hydra
 12331 | Lair:1   | Noticed a catoblepas
 12344 | Lair:1   | Killed a catoblepas
 12653 | Lair:1   | Got Xataluan's Grimoire of Frostbite and Putrescence
 12699 | Lair:1   | Identified the +1 glaive of the Manifold Artists {drain,
                  | rElec}
 12848 | Lair:1   | Reached skill level 14 in Armour
 12940 | Lair:1   | Reached skill level 14 in Fighting
 13357 | Lair:2   | Noticed a death yak
 13504 | Lair:2   | Reached skill level 17 in Long Blades
 13751 | Lair:2   | Found a staircase to the Swamp.
 14089 | Lair:2   | Noticed an ice dragon
 14093 | Lair:2   | Reached XP level 13. HP: 104/125 MP: 12/12
 14967 | Lair:3   | Reached skill level 15 in Armour
 15089 | Lair:3   | Reached skill level 15 in Fighting
 15124 | Lair:3   | You are sucked into a shaft and drop 2 floors!
 15124 | Lair:5   | Entered Level 5 of the Lair of Beasts
 15185 | Lair:5   | Found a frozen archway.
 15234 | IceCv    | Entered an ice cave
 15329 | IceCv    | Noticed a quicksilver ooze
 15346 | IceCv    | Killed a quicksilver ooze
 15542 | IceCv    | Reached skill level 18 in Long Blades
 15853 | IceCv    | Found a viscous altar of Jiyva.
 15853 | IceCv    | Noticed an azure jelly
 15860 | IceCv    | Killed an azure jelly
 15863 | IceCv    | Noticed a quicksilver ooze
 15869 | IceCv    | Killed a quicksilver ooze
 15970 | IceCv    | Identified the +5 sling of the Witching Hero {freeze,
                  | Will+}
 15975 | IceCv    | Identified the amulet "Kyacax" {Reflect rPois rC+ rCorr
                  | Dex+2 SH+5}
 16034 | IceCv    | Noticed a quicksilver ooze
 16039 | IceCv    | Killed a quicksilver ooze
 16178 | Lair:5   | Reached skill level 16 in Armour
 16205 | Lair:5   | Reached skill level 16 in Fighting
 16239 | Lair:5   | Reached XP level 14. HP: 68/137 MP: 13/13
 16950 | Lair:5   | Reached skill level 19 in Long Blades
 17352 | Lair:5   | Reached skill level 17 in Armour
 17456 | Lair:5   | Reached skill level 17 in Fighting
 17699 | Lair:5   | Found a viscous altar of Jiyva.
 17699 | Lair:5   | Found a staircase to the Slime Pits.
 17885 | Lair:4   | Noticed Josephine
 17897 | Lair:4   | Killed Josephine
 18751 | Lair:3   | Found a hole to the Spider Nest.
 18972 | Lair:3   | Noticed Sonja
 18980 | Lair:3   | Killed Sonja
 19493 | D:9      | Bought a crude crystal plate armour for 2125 gold pieces
 19493 | D:9      | Identified the +1 crystal plate armour of Ykhily {Rampage
                  | rPois Str-4 SInv} (You bought it in a shop on level 9 of
                  | the Dungeon)
 19566 | Orc:2    | Entered Level 2 of the Orcish Mines
 19566 | Orc:2    | Found a staircase to the Elven Halls.
 19736 | Orc:2    | Found Ystraiz Zadd's Weapon Shoppe.
 20081 | Orc:2    | Reached XP level 15. HP: 127/149 MP: 14/14
 20086 | Orc:2    | Reached skill level 20 in Long Blades
 20108 | Orc:2    | Reached skill level 18 in Armour
 20112 | Orc:2    | Reached skill level 18 in Fighting
 20407 | Orc:2    | Found Yrphorulo's Magic Scroll Shoppe.
 20413 | Orc:2    | Found Tystroj's Antique Armour Emporium.
 20414 | Orc:2    | Found Syziduis's Assorted Antiques.
 20424 | Orc:2    | Found Benwurok's Magic Scroll Shoppe.
 21602 | D:11     | Found Gighun's Armour Boutique.
 21876 | D:12     | Found a gate leading to a gauntlet.
 21880 | D:12     | Noticed Azrael
 21895 | D:12     | Killed Azrael
 21899 | Gauntlet | Entered a Gauntlet
 21899 | Gauntlet | Found a transporter.
 21899 | Gauntlet | Found a transporter.
 21930 | Gauntlet | Found a transporter.
 21933 | Gauntlet | Found a transporter.
 21941 | Gauntlet | Found a transporter.
 21944 | Gauntlet | Found a transporter.
 21952 | Gauntlet | Found a transporter.
 21968 | Gauntlet | Found a large runed translucent door.
 21969 | Gauntlet | Found a large runed translucent door.
 21970 | Gauntlet | Found a large runed translucent door.
 21971 | Gauntlet | Found a runed translucent gate.
 21972 | Gauntlet | Found a transporter.
 21972 | Gauntlet | Found a runed translucent gate.
 21973 | Gauntlet | Found a runed translucent gate.
 21974 | Gauntlet | Found a large runed translucent door.
 21975 | Gauntlet | Found a large runed translucent door.
 21976 | Gauntlet | Found a large runed translucent door.
 21985 | Gauntlet | Found a large runed translucent door.
 21986 | Gauntlet | Found a large runed translucent door.
 21986 | Gauntlet | Found a large runed translucent door.
 21986 | Gauntlet | Found a runed translucent door.
 21987 | Gauntlet | Found a large runed translucent door.
 21988 | Gauntlet | Found a large runed translucent door.
 21990 | Gauntlet | Found a transporter.
 21994 | Gauntlet | Found a transporter.
 22004 | Gauntlet | Found a transporter.
 22006 | Gauntlet | Found a transporter.
 22056 | Gauntlet | Found a large runed translucent door.
 22057 | Gauntlet | Found a large runed translucent door.
 22058 | Gauntlet | Found a large runed translucent door.
 22058 | Gauntlet | Found a large runed translucent door.
 22058 | Gauntlet | Found a runed translucent door.
 22059 | Gauntlet | Found a large runed translucent door.
 22180 | Gauntlet | Identified the +2 cloak of Jiokea {rPois Regen+ Str-5
                  | Int+2}
 22267 | Gauntlet | Identified the +0 leather armour of Divine Intervention
                  | {rF+ Str-2 Int+3 Stlth+}
 22268 | Gauntlet | Got the Octavo of Assistive Grit
 22268 | Gauntlet | Got Nisyah's Parchment of Turbulence and Darkness
 22890 | D:12     | You are sucked into a shaft and drop 2 floors!
 22931 | D:14     | Found a runed translucent gate.
 22931 | D:14     | Found a runed translucent gate.
 22941 | D:14     | Noticed Jorgrun
 22954 | D:14     | Killed Jorgrun
 22981 | D:14     | Found a runed translucent gate.
 23268 | D:13     | Reached skill level 19 in Armour
 23270 | D:13     | Found Gicif's Armour Emporium.
 23278 | D:13     | Reached skill level 19 in Fighting
 23397 | D:13     | Noticed Maurice
 23426 | D:13     | Killed Maurice
 23427 | D:13     | Reached skill level 21 in Long Blades
 23775 | D:13     | Found a gate to the Vaults.
 24397 | D:13     | Bought a tiger eye-encrusted plate armour for 924 gold
                  | pieces
 24397 | D:13     | Identified the +9 plate armour of Elyvilon's Delight {rC++
                  | Will+ Dex+3} (You bought it in a shop on level 13 of the
                  | Dungeon)
 24730 | D:14     | Noticed Uqorphet's ghost (journeyman DECj)
 24852 | D:14     | Found a sparkling altar of Nemelex Xobeh.
 25091 | D:15     | Entered Level 15 of the Dungeon
 25179 | D:15     | Noticed Rupert
 25189 | D:15     | Killed Rupert
 25190 | D:15     | Reached skill level 1 in Evocations
 25190 | D:15     | Reached XP level 16. HP: 160/160 MP: 15/15
 25215 | D:15     | Found a portal to a secret trove of treasure.
 25264 | D:15     | Reached skill level 2 in Evocations
 25576 | D:15     | Reached skill level 3 in Evocations
 25789 | D:15     | Found a runed translucent door.
 25790 | D:15     | Noticed a tengu reaver
 26130 | D:15     | Found a staircase to the Depths.
 26544 | Spider:1 | Entered Level 1 of the Spider Nest
 26620 | Spider:1 | Reached skill level 4 in Evocations
 26798 | Spider:1 | You are sucked into a shaft and drop 1 floor!
 26802 | Spider:2 | Reached skill level 20 in Armour
 26828 | Spider:2 | Reached skill level 20 in Fighting
 26990 | Spider:2 | Reached skill level 5 in Evocations
 27088 | Spider:2 | Noticed Arachne
 27090 | Spider:2 | Noticed Nikola
 27231 | Spider:1 | Reached skill level 1 in Dodging
 27282 | Spider:1 | Reached skill level 2 in Dodging
 27908 | Spider:1 | Reached skill level 3 in Dodging
 28055 | Spider:2 | Reached skill level 6 in Evocations
 28079 | Spider:2 | Killed Nikola
 28148 | Spider:2 | Reached skill level 4 in Dodging
 28227 | Spider:2 | Killed Arachne
 28228 | Spider:2 | Reached XP level 17. HP: 76/172 MP: 16/16
 28776 | Spider:3 | Reached skill level 5 in Dodging
 28874 | Spider:3 | Reached skill level 21 in Fighting
 28975 | Spider:3 | Reached skill level 6 in Dodging
 29874 | Spider:3 | Reached skill level 7 in Dodging
 30001 | Spider:4 | Entered Level 4 of the Spider Nest
 30101 | Spider:4 | Reached skill level 8 in Dodging
 30448 | Spider:4 | Reached skill level 22 in Fighting
 30528 | Spider:4 | Reached skill level 9 in Dodging
 31171 | Spider:4 | Got a gossamer rune of Zot
 31541 | Vaults:1 | Entered Level 1 of the Vaults
 31582 | Vaults:1 | Noticed Aizul
 31601 | Vaults:1 | Killed Aizul
 31602 | Vaults:1 | Reached skill level 10 in Dodging
 31602 | Vaults:1 | Reached skill level 7 in Evocations
 31801 | Vaults:1 | Reached XP level 18. HP: 170/185 MP: 17/17
 32115 | Vaults:1 | Reached skill level 8 in Evocations
 32130 | Vaults:1 | Reached skill level 11 in Dodging
 32661 | Vaults:1 | Reached skill level 9 in Evocations
 32694 | Vaults:1 | Reached skill level 12 in Dodging
 33535 | Vaults:2 | Noticed Xtahua
 33554 | Vaults:2 | Killed Xtahua
 33733 | Vaults:1 | Reached skill level 10 in Evocations
 33774 | Vaults:2 | Reached skill level 13 in Dodging
 34602 | Vaults:2 | Noticed Bai Suzhen
 34609 | Vaults:2 | Killed Bai Suzhen
 34610 | Vaults:2 | Reached skill level 11 in Evocations
 34734 | Vaults:2 | Reached XP level 19. HP: 99/193 MP: 18/18
 34905 | Vaults:2 | Found Tixt's Assorted Antiques.
 34914 | Vaults:2 | Bought 2 potions of curing for 168 gold pieces
 34914 | Vaults:2 | Bought a scroll of enchant armour for 210 gold pieces
 35081 | Vaults:2 | Reached skill level 14 in Dodging
 35645 | Vaults:3 | Found a staircase to the Crypt.
 35645 | Vaults:3 | Found a basalt altar of Yredelemnul.
 35646 | Vaults:3 | Found an ancient bone altar of Kikubaaqudgha.
 35949 | Vaults:3 | Identified the +7 longbow "Taof" {freeze, Dex+2}
 36100 | Vaults:3 | Reached skill level 15 in Dodging
 36100 | Vaults:3 | Reached skill level 12 in Evocations
 37337 | Vaults:4 | Found Etawk's Armour Shop.
 37396 | Vaults:4 | Reached skill level 16 in Dodging
 37688 | Vaults:4 | Reached skill level 13 in Evocations
 38087 | Elf:1    | Entered Level 1 of the Elven Halls
 39013 | Elf:1    | Noticed a Brimstone Fiend
 39015 | Elf:1    | Paralysed by an air elemental for 1 turns
 39036 | Elf:1    | Reached XP level 20. HP: 111/201 MP: 19/19
 39042 | Elf:1    | Paralysed by an air elemental for 1 turns
 39230 | Elf:1    | Paralysed by an air elemental for 1 turns
 39281 | Elf:2    | Paralysed by an air elemental for 1 turns
 39284 | Elf:2    | Paralysed by an air elemental for 1 turns
 39290 | Elf:1    | Paralysed by an air elemental for 1 turns
 39393 | Elf:2    | Paralysed by an air elemental for 1 turns
 39520 | Elf:2    | Reached skill level 17 in Dodging
 39675 | Elf:2    | Found Ijobim's Magic Scroll Shop.
 39700 | Elf:2    | Reached skill level 14 in Evocations
 39821 | Elf:2    | Found an ancient bone altar of Kikubaaqudgha.
 39896 | Elf:2    | Bought a scroll of enchant armour for 105 gold pieces
 40015 | Elf:2    | Found a runed translucent gate.
 40015 | Elf:2    | Found a runed translucent gate.
 40019 | Elf:2    | Found a runed translucent gate.
 41202 | Elf:3    | Entered Level 3 of the Elven Halls
 41348 | Elf:3    | Paralysed by an air elemental for 1 turns
 41351 | Elf:3    | Paralysed by an air elemental for 1 turns
 42122 | Elf:3    | Reached skill level 21 in Armour
 42126 | Elf:3    | Reached skill level 23 in Fighting
 42236 | Elf:3    | Identified the +4 ring mail "Rasaa" {Harm}
 42404 | Elf:3    | Reached skill level 22 in Long Blades
 42413 | Elf:3    | Got the Omnibus of Combative Permutations
 42419 | Elf:3    | Got the Compendium of the Comitatus
 42441 | Elf:3    | Identified the +8 plate armour of the Shining One's Envy
                  | {rPois Dex+3}
 42471 | Elf:3    | Identified the +5 scale mail "Rialoiwn" {Str-3 Dex+8}
 42799 | Vaults:5 | Entered Level 5 of the Vaults
 42888 | Vaults:4 | Reached XP level 21. HP: 211/211 MP: 20/20
 43124 | Vaults:5 | Noticed an ancient lich
 43589 | Vaults:5 | Noticed a golden dragon
 43608 | Vaults:5 | Reached skill level 22 in Armour
 43620 | Vaults:5 | Killed a golden dragon
 43730 | Vaults:5 | Reached skill level 24 in Fighting
 43797 | Vaults:5 | Reached skill level 23 in Long Blades
 43855 | Vaults:5 | Identified the +0 hat of Pomnyt {rC+ Regen+ rCorr Stlth+}
 43904 | Vaults:5 | Reached skill level 18 in Dodging
 44167 | Vaults:5 | Killed an ancient lich
 44243 | Vaults:5 | Found Sausk's Armour Shoppe.
 44310 | Vaults:5 | Identified the +8 broad axe of Truth {flame, rCorr}
 44364 | Vaults:5 | Got a silver rune of Zot
 44393 | Vaults:5 | Identified the +1 ring mail "Viabriu" {rF+ Regen+ Str-2
                  | Dex+4}
 44506 | Vaults:5 | Identified the +3 ring mail of Siosma Zuli {Harm Int+5}
 44521 | Vaults:5 | Found Paothengubb's Assorted Antiques.
 44561 | Vaults:5 | Identified the ring "Omeseysi" {Dex+6 Stlth+}
 44926 | D:13     | Bought a potion of heal wounds for 170 gold pieces
 45376 | Swamp:1  | Entered Level 1 of the Swamp
 46131 | Swamp:2  | Reached XP level 22. HP: 224/224 MP: 21/21
 46140 | Swamp:2  | Found a transporter.
 46248 | Swamp:2  | Noticed Kirke
 46274 | Swamp:2  | Killed Kirke
 46589 | Swamp:2  | Found a transporter.
 46964 | Swamp:2  | Identified the ring "Voehaa" {rC+ Str-4 Int-3 Dex+9 Stlth+}
 46966 | Swamp:2  | Identified the +1 cloak of Nihilism {rC+ Str+3}
 47742 | Swamp:4  | Entered Level 4 of the Swamp
 47981 | Swamp:4  | Reached skill level 19 in Dodging
 48082 | Swamp:4  | Reached skill level 25 in Fighting
 48082 | Swamp:4  | Reached skill level 24 in Long Blades
 48097 | Swamp:4  | Noticed the 27-headed Lernaean hydra
 48102 | Swamp:4  | Killed the 27-headed Lernaean hydra
 48186 | Swamp:4  | Got a decaying rune of Zot
 48981 | Crypt:1  | Entered Level 1 of the Crypt
 48987 | Crypt:1  | Noticed Zenata
 49010 | Crypt:1  | Killed Zenata
 49583 | Crypt:1  | Noticed Boris
 49591 | Crypt:1  | Killed Boris
 49732 | Crypt:1  | Noticed Donald
 49749 | Crypt:1  | Killed Donald
 50090 | Crypt:1  | You fall into a shaft and drop 1 floor!
 50143 | Crypt:2  | Noticed Khufu
 50144 | Crypt:2  | Noticed a royal mummy
 50162 | Crypt:2  | Killed Khufu
 50175 | Crypt:2  | Killed a royal mummy
 50533 | Crypt:2  | Identified the ring of Moral Flaws {rElec rCorr Int+6
                  | Dex-3}
 50560 | Crypt:2  | Noticed a royal mummy
 50577 | Crypt:2  | Killed a royal mummy
 50955 | Crypt:2  | Noticed a curse skull
 50970 | Crypt:2  | Killed a curse skull
 50971 | Crypt:2  | Reached skill level 20 in Dodging
 51165 | Crypt:3  | Entered Level 3 of the Crypt
 51179 | Crypt:3  | Found a staircase to the Tomb.
 51230 | Crypt:3  | Found a magical portal.
 51239 | WizLab   | Entered Zonguldrok's Shrine
 51446 | WizLab   | Reached XP level 23. HP: 213/218 MP: 22/22
 51599 | WizLab   | Noticed an antique lich
 51604 | WizLab   | Killed an antique lich
 51618 | WizLab   | Found the +9 sword of Zonguldrok {reap}
 52608 | Crypt:3  | Reached skill level 15 in Evocations
 52725 | Crypt:3  | Noticed a curse toe
 52729 | Crypt:3  | Killed a curse toe
 53189 | Crypt:3  | Noticed a dread lich
 53196 | Crypt:3  | Killed a dread lich
 53221 | Crypt:3  | Identified the +1 leather armour of Pigyehew {rPois rF+}
 53224 | Crypt:3  | Identified the +4 ring mail of the Carpenter {Int+3}
 53750 | Slime:1  | Entered Level 1 of the Pits of Slime
 53872 | Slime:3  | Gained mutation: You sometimes lose your temper in combat.
                  | [a shining eye]
 53894 | Slime:3  | Lost mutation: You sometimes lose your temper in combat.
                  | [potion of mutation]
 53894 | Slime:3  | Lost mutation: You are partially covered in large bone
                  | plates. (SH +4) [potion of mutation]
 53894 | Slime:3  | Gained mutation: You have sharp toenails. [potion of
                  | mutation]
 53894 | Slime:3  | Gained mutation: Your movements are slightly less
                  | encumbered by armour. (ER -2) [potion of mutation]
 53948 | Slime:4  | Gained mutation: You are vulnerable to cold. (rC-) [a
                  | shining eye]
 53949 | Slime:4  | Reached skill level 23 in Armour
 54135 | Slime:3  | Reached skill level 21 in Dodging
 54207 | Slime:5  | Entered Level 5 of the Pits of Slime
 54273 | Slime:5  | Noticed the Royal Jelly
 54275 | Slime:5  | Found a viscous altar of Jiyva.
 54350 | Slime:5  | Killed the Royal Jelly
 54470 | Slime:5  | Identified the +8 battleaxe "Cameluipa" {antimagic, Str-4
                  | Int+5}
 54496 | Slime:5  | Identified the ring "Rascheuss" {rC+ MP+9 Slay+3}
 54501 | Slime:5  | Got a slimy rune of Zot
 54526 | Slime:5  | Identified the ring of Femaukh {+Blink MP+9 Str+5}
 54896 | Depths:1 | Entered Level 1 of the Depths
 54970 | Depths:1 | Reached skill level 16 in Evocations
 55119 | Depths:1 | Found a one-way gateway to a ziggurat.
 55120 | Depths:1 | Noticed a dread lich
 55274 | Depths:1 | Killed a dread lich
 55275 | Depths:1 | Reached XP level 24. HP: 244/244 MP: 22/22
 55360 | Depths:1 | Found a one-way gate leading to the halls of Pandemonium.
 55428 | Depths:1 | Found an iron altar of Okawaru.
 55467 | Depths:1 | Found a gateway to Hell.
 55727 | Depths:1 | Found Natzoa's Book Shop.
 55727 | Depths:1 | Found Bone's Jewellery Emporium.
 55728 | Depths:1 | Found Vinuefof's Book Shop.
 56132 | Depths:2 | Noticed Boris
 56145 | Depths:2 | Killed Boris
 56146 | Depths:2 | Reached skill level 24 in Armour
 56342 | Depths:2 | You fall into a shaft and drop 1 floor!
 56407 | Depths:2 | Reached skill level 22 in Dodging
 57327 | Depths:3 | Reached skill level 17 in Evocations
 57509 | Depths:3 | Found a one-way gate to the infinite horrors of the Abyss.
 58092 | Depths:3 | Found the ring of the Octopus King {HP+2 AC+2 EV+2 SH+2
                  | SInv}
 58559 | Depths:4 | Entered Level 4 of the Depths
 58589 | Depths:4 | Noticed a juggernaut
 58616 | Depths:4 | Killed a juggernaut
 58727 | Depths:4 | Found a glowing golden altar of the Shining One.
 58964 | Depths:4 | Reached skill level 23 in Dodging
 59239 | Depths:4 | Found Jawiqatz's Weapon Shoppe.
 59374 | Depths:4 | Reached XP level 25. HP: 245/251 MP: 22/22
 59485 | Depths:4 | Reached skill level 24 in Dodging
 59524 | Depths:4 | Found a runed translucent door.
 59533 | Depths:4 | Found a runed translucent door.
 59600 | Depths:4 | Found a runed translucent door.
 59605 | Depths:4 | Found a gate to the Realm of Zot.
 59671 | Depths:4 | Found a runed translucent door.
 59778 | Depths:4 | Found a runed translucent door.
 59798 | Depths:4 | Found a runed translucent door.
 60051 | Zot:1    | Entered Level 1 of the Realm of Zot
 60340 | Zot:1    | Found a transporter.
 60390 | Zot:1    | Reached skill level 25 in Dodging
 60409 | Zot:1    | Noticed an electric golem
 60419 | Zot:1    | Killed an electric golem
 60945 | Zot:1    | Found a transporter.
 61020 | Zot:1    | Noticed a curse toe
 61022 | Zot:1    | Noticed a dread lich
 61022 | Zot:1    | Noticed a curse toe
 61025 | Zot:1    | Noticed an orb of fire
 61042 | Zot:1    | Killed an orb of fire
 61080 | Zot:1    | Killed a dread lich
 61083 | Zot:1    | Gained mutation: Armour fits poorly on your strangely
                  | shaped body. [a cacodemon]
 61083 | Zot:1    | Gained mutation: You occasionally lose the ability to read
                  | scrolls when taking damage. [a cacodemon]
 61088 | Zot:1    | Gained mutation: Your spells are a little easier to cast,
                  | but a little less powerful. [a cacodemon]
 61154 | Zot:1    | Killed a curse toe
 61161 | Zot:1    | HP: 41/568 [storm dragon (23)]
 61162 | Zot:1    | HP: 18/568 [wandering mushroom[a curse toe] (8)]
 61162 | Zot:1    | HP: 4/568 [storm dragon (14)]
 61162 | Zot:1    | Mangled by a storm dragon

Vanquished Creatures
  the Royal Jelly (Slime:5)
  Khufu (Crypt:2)
  An orb of fire (Zot:1)
  3 dread liches
  2 ancient liches
  A juggernaut (Depths:4)
  2 royal mummies (Crypt:2)
  Bai Suzhen (Vaults:2)
  Xtahua (Vaults:2)
  Boris (Crypt:1)
  the Lernaean hydra (Swamp:4)
  2 curse toes
  Nikola (Spider:2)
  5 golden dragons
  A bone dragon (Depths:4)
  Arachne (Spider:2)
  Rupert (D:15)
  An electric golem (Zot:1)
  Jorgrun (D:14)
  4 tentacled monstrosities
  Zenata (Crypt:1)
  3 deep elf blademasters
  2 deep elf master archers (Elf:3)
  A walking divine tome (Depths:3)
  3 titans (Vaults:5)
  2 quicksilver dragons
  A walking frostbound tome (Depths:3)
  15 acid blobs
  5 sphinxes
  Gastronok (D:8)
  4 death cobs (Zot:1)
  11 ancient champions
  10 shadow dragons
  9 tengu reavers
  Kirke (Swamp:2)
  8 storm dragons
  2 draconian monks (Zot:1)
  2 revenants (Crypt:1)
  Donald (Crypt:1)
  An iron dragon (Depths:3)
  A fenstrider witch (Swamp:3)
  3 emperor scorpions
  5 azure jellies
  2 draconian knights (Depths:4)
  6 fire giants
  10 rockslimes
  7 frost giants
  7 deep elf sorcerers
  Aizul (Vaults:1)
  3 ghost moths
  2 draconian scorchers (Zot:1)
  21 vault wardens
  A curse skull (Crypt:2)
  4 draconian stormcallers
  An orc warlord (Vaults:1)
  A ghoul (Crypt:1)
  4 war gargoyles
  A draconian shifter (Zot:1)
  18 ironbound preservers
  7 deep elf elementalists (Elf:3)
  6 quicksilver oozes
  2 caustic shrike skeletons (Crypt:3)
  13 stone giants
  A broodmother (Spider:2)
  2 cacodemons (Zot:1)
  2 ironbound thunderhulks (Vaults:3)
  4 spriggan defenders
  A juggernaut skeleton (Crypt:3)
  3 green draconians
  8 deep elf demonologists
  21 very ugly things
  8 vampire knights
  4 eleionomae
  7 bunyips
  8 white draconians
  4 red draconians
  6 black draconians
  6 deep elf annihilators
  2 yellow draconians (Depths:4)
  A minotaur (Gauntlet)
  6 dire elephants
  Azrael (D:12)
  A purple draconian (Depths:4)
  4 spark wasps
  12 deep elf death magi
  10 ettins
  9 eidola
  Josephine (Lair:4)
  A merfolk javelineer (Depths:3)
  10 fire dragons
  4 deep elf high priests (Elf:3)
  20 yaktaur captains
  A shambling mangrove (Swamp:1)
  A merfolk impaler (Depths:1)
  6 great orbs of eyes
  10 jiangshi
  7 entropy weavers
  A hydra (shapeshifter) (Vaults:5)
  4 ghost crabs
  21 hydras
  7 ogre magi
  A quicksilver dragon zombie (Crypt:2)
  5 rakshasas
  Erica (D:8)
  A peacekeeper (Vaults:3)
  3 spriggan air magi
  36 vault guards
  A death knight (Crypt:1)
  10 ice dragons
  10 centaur warriors
  5 radroaches
  13 boulder beetles
  3 catoblepae
  10 death yaks
  5 deep troll earth magi
  7 tengu warriors
  19 two-headed ogres
  13 vampire magi
  5 ironbound frosthearts
  8 alligators
  25 dancing weapons
  6 deep troll shamans
  5 spriggan berserkers
  14 deep elf knights
  6 hell knights (Depths:4)
  Sonja (Lair:3)
  4 soul eaters
  A fire crab (shapeshifter) (Elf:2)
  3 iron trolls
  10 pharaoh ants
  6 titan skeletons (Crypt:3)
  A ghost moth zombie (Crypt:3)
  39 skeletal warriors
  3 sun moths
  4 goliath frogs
  8 large abominations (Depths:3)
  2 salamander mystics (Depths:3)
  6 spriggan druids
  9 orb spiders
  17 ironbound convokers
  62 deep trolls
  4 glowing orange brains
  12 steelbarb worms
  22 deep elf archers
  3 wizards
  12 swamp dragons
  7 lindwurms
  4 flayed ghosts
  A harpy (shapeshifter) (Elf:1)
  8 orc knights
  6 phantasmal warriors
  30 deep elf pyromancers
  36 deep elf zephyrmancers
  6 bog bodies
  4 necromancers
  4 manticores
  A mana viper (shapeshifter) (Elf:2)
  19 ugly things
  A faun (shapeshifter) (Vaults:1)
  An eleionoma zombie (Crypt:2)
  25 wolf spiders
  3 orc sorcerers
  An oklob plant (Swamp:2)
  4 salamanders (Depths:3)
  A cyclops (shapeshifter) (D:15)
  11 cyclopes
  6 shining eyes
  Maurice (D:13)
  6 will-o-the-wisps
  A worldbinder (Gauntlet)
  16 moths of wrath
  3 ice statues
  A water nymph (shapeshifter) (D:13)
  A stone giant skeleton (Crypt:3)
  22 vault sentinels
  3 black mambas
  4 gargoyles
  4 cane toads
  2 dire elephant skeletons (Crypt:3)
  2 molten gargoyles (Gauntlet)
  5 torpor snails
  7 demonic crawlers
  2 unseen horrors (Depths:3)
  Maggie (D:9)
  An ice devil (Lair:2)
  Psyche (D:9)
  6 rime drakes
  A komodo dragon (shapeshifter) (Vaults:3)
  A yaktaur (shapeshifter) (Vaults:5)
  43 yaktaurs
  An alligator snapping turtle skeleton (Crypt:3)
  2 tengu conjurers
  2 efreet
  2 freezing wraiths
  9 komodo dragons
  8 tyrant leeches
  16 trolls
  A mana viper zombie (Crypt:3)
  A queen bee (Spider:4)
  A sea snake skeleton (Crypt:3)
  A bloated husk (Swamp:3)
  A meliai (shapeshifter) (Vaults:5)
  7 polar bears
  A queen bee (shapeshifter) (D:14)
  A death drake skeleton (Crypt:3)
  5 meliai (Spider:4)
  A tyrant leech (shapeshifter) (Elf:2)
  18 hornets
  Grinder (D:6)
  4 harpy skeletons (Crypt:3)
  Prince Ribbit (Bailey)
  A tarantella (shapeshifter) (D:15)
  28 tarantellas
  A radroach zombie (Crypt:1)
  7 dream sheep (Lair:5)
  21 blink frogs
  Sigmund (D:3)
  2 slime creatures (shapeshifter)
  95 slime creatures
  23 jumping spiders
  An ettin skeleton (Crypt:3)
  26 spriggans
  11 flying skulls
  16 water elementals
  5 air elementals
  22 culicivoras
  12 wraiths
  5 vampires
  5 basilisks
  2 shadows (D:11)
  3 wyverns
  6 hogs (Swamp:2)
  24 yaks
  5 fire elementals
  4 humans (Bailey)
  A black mamba skeleton (Crypt:3)
  A chaos spawn (Depths:3)
  A human (shapeshifter) (D:14)
  56 redbacks
  A steam dragon (D:7)
  15 vampire mosquitoes
  2 death yak simulacra (Lair:2)
  3 two-headed ogre zombies (WizLab)
  19 swamp worms
  4 wargs
  A warg (shapeshifter) (Vaults:5)
  3 acid dragons
  15 water moccasins
  2 floating eyes (Depths:3)
  2 hell hounds (D:12)
  A faun skeleton (Crypt:2)
  7 swamp drakes
  22 orc warriors
  Duvessa (D:4)
  An ice beast (shapeshifter) (D:9)
  A two-headed ogre skeleton (Crypt:1)
  10 black bears
  A sky beast (D:7)
  20 ogres
  41 wolves
  A snapping turtle skeleton (Crypt:1)
  18 boggarts
  10 centaurs
  A phantom (D:6)
  A torpor snail zombie (Crypt:1)
  5 slime creature simulacra (IceCv)
  3 kobold brigands
  3 gnoll sergeants
  2 scorpions
  23 bullfrogs
  An earth elemental (Elf:1)
  A necrophage (D:6)
  3 glowing shapeshifter simulacra (IceCv)
  4 small abominations (Depths:3)
  An entropy weaver simulacrum (Lair:2)
  A water moccasin zombie (Crypt:2)
  Dowan (D:4)
  39 wights
  9 troll zombies (WizLab)
  A yak zombie (Crypt:2)
  An elephant simulacrum (Lair:2)
  11 killer bees
  2 spriggan skeletons
  A yak skeleton (Crypt:1)
  A shapeshifter skeleton (Crypt:1)
  2 electric eels
  A wolf skeleton (Crypt:3)
  A hound (D:5)
  4 jellies
  2 gnoll boudas (D:9)
  20 orc priests
  3 centaur skeletons (Crypt:3)
  3 iron imps (D:9)
  Jessica (D:3)
  3 iguanas
  16 orc wizards
  A scorpion zombie (Crypt:3)
  Natasha (thrice) (D:2)
  2 spriggan simulacra (Lair:2)
  5 shapeshifter simulacra (IceCv)
  7 ogre zombies (WizLab)
  A naga skeleton (Crypt:3)
  A mummy (Crypt:2)
  Robin (D:2)
  6 gnolls
  10 adders
  3 shadow imps
  2 white imps
  An ufetubus (D:5)
  A lava snake skeleton (Crypt:1)
  A worm (D:2)
  3 dart slugs
  65 orcs
  7 ball pythons
  2 bats
  2 bat zombies (D:7)
  10 endoplasms
  4 giant cockroaches
  17 goblins
  19 hobgoblins
  2 jackals (D:2)
  15 kobolds
  7 quokkas
  A ball python skeleton (Crypt:2)
  4 frilled lizards
  A frilled lizard zombie (Crypt:2)
  An orc skeleton (Crypt:2)
  3 rats
  2 briar patches (Swamp:2)
  A fire vortex (Depths:3)
2272 creatures vanquished.

Vanquished Creatures (collateral kills)
  2 moths of wrath (Zot:1)
  A culicivora (Spider:2)
3 creatures vanquished.

Vanquished Creatures (others)
  Boris (Depths:2)
  A fire giant (Vaults:5)
  An entropy weaver (Vaults:3)
  A spriggan air mage (Depths:3)
  A pharaoh ant (Spider:2)
  A deep elf zephyrmancer (Elf:2)
  3 bloated husks
  A fire elemental (Elf:1)
  2 redbacks (Spider:2)
  A swamp worm (Swamp:3)
  A wolf (Lair:1)
  A kobold (D:8)
  A briar patch (Swamp:2)
  3 bushes (Lair:5)
  8 foxfires
  34 fungi
  33 plants
94 creatures vanquished.

Grand Total: 2369 creatures vanquished

Table legend: (Time is in decaauts)
 A = Elapsed time spent in this place.
 B = Non-inter-level travel time spent in this place.
 C = Inter-level travel time spent in this place.
 D = Time resting spent in this place.
 E = Time spent auto-exploring this place.
 F = Levels seen in this place.
 G = Mean time per level.
                   A        B        C        D        E       F      G
               +--------+--------+--------+--------+--------+-----+--------+
         Total |  59856 |  54871 |   4985 |   5264 |  37416 |  56 | 1068.9 |
       Dungeon |  17174 |  15070 |   2104 |    912 |  11719 |  15 | 1144.9 |
        Temple |     16 |      8 |      8 |      0 |      0 |   1 |   16.0 |
          Lair |   6922 |   6079 |    843 |    307 |   4758 |   5 | 1384.4 |
         Swamp |   3216 |   3037 |    179 |    104 |   2272 |   4 |  804.0 |
   Spider Nest |   4674 |   4367 |    307 |    503 |   2748 |   4 | 1168.5 |
    Slime Pits |    741 |    679 |     62 |    144 |      0 |   5 |  148.2 |
  Orcish Mines |   2365 |   2102 |    263 |    210 |   1525 |   2 | 1182.5 |
   Elven Halls |   3924 |   3718 |    206 |    347 |   2429 |   3 | 1308.0 |
        Vaults |   8448 |   7740 |    708 |    895 |   4841 |   5 | 1689.6 |
         Crypt |   3839 |   3715 |    124 |    503 |   2412 |   3 | 1279.7 |
        Depths |   4860 |   4716 |    144 |    345 |   3114 |   4 | 1215.0 |
           Zot |   1047 |   1015 |     32 |    149 |    591 |   1 | 1047.0 |
        Bailey |    923 |    923 |      0 |    522 |    237 |   1 |  923.0 |
      Ice Cave |    904 |    904 |      0 |    277 |    389 |   1 |  904.0 |
        Wizlab |    429 |    429 |      0 |      0 |    244 |   1 |  429.0 |
      Gauntlet |    367 |    367 |      0 |     42 |    135 |   1 |  367.0 |
               +--------+--------+--------+--------+--------+-----+--------+

Top non-repeatable levels by time:
Vaults:1: 2267 daAuts
     D:9: 1850 daAuts
Vaults:4: 1829 daAuts
  Lair:5: 1813 daAuts
     D:5: 1776 daAuts
Vaults:2: 1774 daAuts
 Crypt:3: 1713 daAuts
  Lair:2: 1565 daAuts
   Orc:2: 1518 daAuts
   Elf:1: 1508 daAuts
    D:10: 1502 daAuts
  Lair:3: 1479 daAuts
    D:12: 1468 daAuts
Vaults:5: 1429 daAuts
Depths:4: 1373 daAuts

Table legend:
 A = Non-vault XP
 B = Vault XP
 C = Vault XP percentage of total XP
 D = Non-vault monster count
 E = Vault monster count
 F = Vault count percentage of total count
                 A         B        C        D         E       F
            +---------+---------+-------+---------+---------+-------
      Total |  647760 |  592271 |  47.8 |    1392 |     882 |  38.8
            +---------+---------+-------+---------+---------+-------
        D:1 |      26 |       0 |   0.0 |      16 |       0 |   0.0
        D:2 |     165 |      83 |  33.5 |      26 |      18 |  40.9
        D:3 |      46 |     276 |  85.7 |      18 |       2 |  10.0
        D:4 |      32 |     242 |  88.3 |      10 |       8 |  44.4
        D:5 |     661 |       0 |   0.0 |      21 |       0 |   0.0
        D:6 |     537 |     281 |  34.4 |       9 |       1 |  10.0
        D:7 |     968 |       4 |   0.4 |      22 |       2 |   8.3
        D:8 |    1526 |    2233 |  59.4 |      30 |       2 |   6.2
        D:9 |    1001 |    9530 |  90.5 |       7 |      38 |  84.4
       D:10 |     375 |     705 |  65.3 |       3 |      17 |  85.0
       D:11 |    2652 |       0 |   0.0 |      14 |       0 |   0.0
       D:12 |    7371 |    1675 |  18.5 |      17 |       5 |  22.7
       D:13 |    8579 |    3015 |  26.0 |      20 |       4 |  16.7
       D:14 |    7116 |    1877 |  20.9 |      17 |       1 |   5.6
       D:15 |   14373 |    6098 |  29.8 |      33 |       7 |  17.5
     Lair:1 |    4497 |    3366 |  42.8 |      18 |      23 |  56.1
     Lair:2 |    2669 |    5325 |  66.6 |      11 |      19 |  63.3
     Lair:3 |    6451 |    3328 |  34.0 |      28 |      13 |  31.7
     Lair:4 |    1334 |    1741 |  56.6 |       6 |       5 |  45.5
     Lair:5 |   18180 |    8997 |  33.1 |      42 |      45 |  51.7
    Swamp:1 |   13389 |       0 |   0.0 |      30 |       0 |   0.0
    Swamp:2 |   14014 |    3826 |  21.4 |      24 |      12 |  33.3
    Swamp:3 |   16654 |       0 |   0.0 |      32 |       0 |   0.0
    Swamp:4 |   12524 |   17762 |  58.6 |      20 |      25 |  55.6
   Spider:1 |   21033 |    1156 |   5.2 |      53 |       2 |   3.6
   Spider:2 |   20950 |    4695 |  18.3 |      60 |       2 |   3.2
   Spider:3 |   20478 |    5126 |  20.0 |      47 |      12 |  20.3
   Spider:4 |   14647 |   18304 |  55.5 |      39 |      35 |  47.3
    Slime:1 |    4814 |       0 |   0.0 |       7 |       0 |   0.0
    Slime:2 |    5867 |       0 |   0.0 |       8 |       0 |   0.0
    Slime:3 |    9041 |       0 |   0.0 |      18 |       0 |   0.0
    Slime:4 |    8887 |       0 |   0.0 |      14 |       0 |   0.0
    Slime:5 |    9872 |   24373 |  71.2 |      21 |      17 |  44.7
      Orc:1 |    2389 |       0 |   0.0 |      19 |       0 |   0.0
      Orc:2 |   10606 |   14656 |  58.0 |      65 |      37 |  36.3
      Elf:1 |   15133 |   12876 |  46.0 |      28 |      22 |  44.0
      Elf:2 |   18414 |   25223 |  57.8 |      34 |      32 |  48.5
      Elf:3 |   20561 |   34198 |  62.5 |      33 |      31 |  48.4
   Vaults:1 |   22153 |   37258 |  62.7 |      36 |      43 |  54.4
   Vaults:2 |   18751 |   27672 |  59.6 |      40 |      30 |  42.9
   Vaults:3 |    9979 |   19832 |  66.5 |      19 |      30 |  61.2
   Vaults:4 |   26106 |   34402 |  56.9 |      40 |      39 |  49.4
   Vaults:5 |   22024 |   69239 |  75.9 |      26 |      60 |  69.8
    Crypt:1 |   20391 |   17685 |  46.4 |      32 |      19 |  37.3
    Crypt:2 |   14938 |   12102 |  44.8 |      27 |       4 |  12.9
    Crypt:3 |   19051 |   36686 |  65.8 |      28 |      58 |  67.4
   Depths:1 |   33105 |    6683 |  16.8 |      40 |       3 |   7.0
   Depths:2 |   34623 |    1896 |   5.2 |      40 |       2 |   4.8
   Depths:3 |   35272 |   18890 |  34.9 |      47 |      26 |  35.6
   Depths:4 |   39146 |   36453 |  48.2 |      41 |      32 |  43.8
      Zot:1 |   24652 |   41157 |  62.5 |      22 |      29 |  56.9
     Bailey |       0 |    3869 | 100.0 |       0 |      28 | 100.0
      IceCv |    1178 |    8142 |  87.4 |       5 |      26 |  83.9
     WizLab |    8559 |    4591 |  34.9 |      29 |       5 |  14.7
   Gauntlet |       0 |    4743 | 100.0 |       0 |      11 | 100.0
            +---------+---------+-------+---------+---------+-------
